 Dungeon Crawl Stone Soup version 0.26-a0-1021-gda264ca44c (webtiles) character file.

Game seed: 7806288057205535960

11411 runemasterragnar the Fighter (level 11, -7/117 HPs)
             Began as an Ogre Fighter on Dec 9, 2020.
             Was a High Priest of Okawaru.
             Mangled by an unseen horror (8 damage)
             ... on level 12 of the Dungeon.
             The game lasted 00:21:25 (14937 turns).

runemasterragnar the Fighter (Ogre Fighter)        Turns: 14937, Time: 00:21:26

Health: -7/117     AC:  4    Str: 26    XL:     11   Next: 77%
Magic:  15/15      EV: 14    Int: 10    God:    Okawaru [*****.]
Gold:   446        SH: 25    Dex: 10    Spells: 10/10 levels left

rFire    . . .     SeeInvis .   a - +0 flail
rCold    . . .     Faith    .   u - +9 tower shield of the Demon Prince {Str+4}
rNeg     . . .     Spirit   .   b - +0 robe
rPois    .         Reflect  .   q - +1 hat
rElec    .         Harm     .   I - scarf {repulsion}
rCorr    .         Rampage  .   (gloves unavailable)
Will     +....                  (boots unavailable)
Stlth    +.........             (no amulet)
HPRegen  0.29/turn              H - +4 ring of evasion
MPRegen  0.14/turn              (no ring)

@: repel missiles
A: large, unfitting armour, tough skin 1
a: Heroism, Finesse, Renounce Religion


You were on level 12 of the Dungeon.
You worshipped Okawaru.
Okawaru was extremely pleased with you.
You visited 2 branches of the dungeon, and saw 14 of its levels.
You also visited: Ossuary.

You collected 693 gold pieces.
You spent 247 gold pieces at shops.

Inventory:

Hand Weapons
 a - a +0 flail (weapon)
 d - a +0 giant club
 Q - a +0 dire flail
Missiles
 y - 18 boomerangs (quivered)
 A - 29 poisoned darts
 C - a large rock
 K - 7 atropa-tipped darts
Armour
 b - a +0 robe (worn)
 c - a +0 kite shield
 q - a +1 hat (worn)
 u - the +9 tower shield of the Demon Prince (worn) {Str+4}
   (You found it on level 4 of the Dungeon)

   It affects your strength (+4).
 D - a +2 cloak
 I - a scarf of repulsion (worn)
Magical Staves
 x - an uncursed staff of conjuration {unknown}
 J - an uncursed staff of cold {unknown}
Jewellery
 H - a +4 ring of evasion (left hand)
 M - an uncursed ring of ice
Wands
 e - a wand of digging (2)
 t - a wand of random effects (44)
Scrolls
 f - 12 scrolls of remove curse
 g - 3 scrolls of teleportation
 k - 3 scrolls of fog
 l - a scroll of fear
 n - 2 scrolls of magic mapping
 o - 2 scrolls of noise {unknown}
 s - a scroll of enchant armour {unknown}
 z - 4 scrolls of amnesia {unknown}
 B - a scroll of random uselessness {unknown}
 G - a scroll of immolation {unknown}
 L - a scroll of enchant weapon {unknown}
 O - a scroll of torment {unknown}
Potions
 h - 7 potions of degeneration
 i - 2 potions of flight
 j - a potion of attraction
 m - 2 potions of brilliance
 p - a potion of might
 r - a potion of cancellation
 v - 5 potions of curing
 w - a potion of haste
 E - a potion of heal wounds
 F - a potion of magic
 N - a potion of ambrosia


   Skills:
 + Level 10.0 Fighting
 * Level 9.6 Maces & Flails
 + Level 6.1 Throwing
 + Level 7.2 Dodging
 + Level 6.3 Shields
 + Level 6.5 Invocations
 + Level 3.1 Evocations


You had 10 spell levels left.
You didn't know any spells.
Your spell library contained the following spells:

 Spells                   Type           Power        Failure   Level
 Foxfire                  Conj/Fire      #...         94%         1
 Sandblast                Erth           #.....       94%         1
 Sting                    Tmut/Pois      #...         94%         1
 Passwall                 Tmut/Erth      #.......     98%         2
 Poisonous Vapours        Pois/Air       #.....       98%         2
 Conjure Flame            Conj/Fire      #.......     100%        3
 Ignite Poison            Fire/Tmut/Pois #.......     100%        3
 Inner Flame              Hex/Fire       #.......     100%        3
 Mephitic Cloud           Conj/Pois/Air  #.......     100%        3
 Stone Arrow              Conj/Erth      #.....       100%        3
 Olgreb's Toxic Radiance  Pois           #.......     100%        4
 Petrify                  Tmut/Erth      #.......     100%        4
 Sticky Flame             Conj/Fire      #.......     100%        4
 Bolt of Magma            Conj/Fire/Erth #.........   100%        5
 Fireball                 Conj/Fire      #.........   100%        5
 Iskenderun's Battlesphe  Conj           #.......     100%        5
 Lee's Rapid Deconstruct  Erth           #.........   100%        5
 Freezing Cloud           Conj/Ice/Air   #.........   100%        6
 Iron Shot                Conj/Erth      #.........   100%        6
 Orb of Destruction       Conj           #.........   100%        7
 Spellforged Servitor     Conj/Summ      #.........   100%        7


Dungeon Overview and Level Annotations

Branches:
Dungeon (14/15)            Temple (1/1) D:5            Lair (0/6) D:9
    Orc (0/2) D:12        Ossuary (visited)
 Vaults: D:13-14

Altars:
Ashenzari
Cheibriados
Dithmenos
Fedhas
Gozag
Hepliaklqana
Kikubaaqudgha
Makhleb
Nemelex Xobeh
Okawaru
Qazlal
Ru
Sif Muna
Trog
Uskayaw
Vehumet
Wu Jian
Xom
Yredelemnul
Zin
The Shining One

Shops:
D:14 [


Innate Abilities, Weirdness & Mutations

You are too large for most types of armour.
You have tough skin. (AC +1)


Message History

Your surroundings suddenly seem different.
The boulder beetle leaps!
Found 23 stones and 24 arrows.
You block something's attack.
Deactivating autopickup; reactivate with Ctrl-A.
Something hits you. Something hits you!
* * * LOW HITPOINT WARNING * * *
Something hits you.
* * * LOW HITPOINT WARNING * * *
The boulder beetle curls into a ball and begins rolling!
Something hits you but does no damage. Something hits you!
* * * LOW HITPOINT WARNING * * *
Something hits you.
* * * LOW HITPOINT WARNING * * *
You block something's attack. Something hits you!
* * * LOW HITPOINT WARNING * * *
You feel yourself speed up. Something hits you but does no damage.
Something hits you!
You die...

....................
#######.............
#(......#.....#.............
#.......#.....#.......[.....
#.......#.....#.............
#.......#.....#.............
#.......#.....'.........####
####.......#...###.........#...
...........###@#...........#...
....°°...°°B....$..........#...
.........##########..####(.####
.........# #..###....[..
.........# #..##.#Z.....
.........# #..#.########
....(....# #).(## .........#
#..#)## ########## ##..##÷##


You could see a boulder beetle.

Vanquished Creatures
  A centaur warrior (D:12)
  An ugly thing (D:12)
  A deep elf mage (D:14)
  A cyclops (D:12)
  A centaur zombie (D:12)
  2 gargoyles
  Maggie (D:8)
  A redback zombie (D:12)
  A troll (D:9)
  2 hornets
  3 slime creatures (D:12)
  A yak (D:9)
  2 wyverns
  A basilisk (D:13)
  5 vampire mosquitoes (D:12)
  2 phantoms
  An ice beast (D:6)
  5 orc warriors
  A hornet zombie (D:13)
  3 sky beasts
  A black bear (D:9)
  2 necrophages
  8 ogres
  2 centaurs
  2 big kobolds (D:12)
  7 bullfrogs
  3 scorpions
  A vampire bat (D:14)
  9 wights (D:9)
  A crimson imp (D:4)
  4 howler monkeys
  2 quasits
  3 bullfrog zombies
  4 jellies
  2 centaur skeletons (D:10)
  5 orc priests
  6 hounds
  7 orc wizards
  6 bullfrog skeletons
  4 iguanas
  9 worker ants
  8 mummies (Ossuary)
  6 adders
  A howler monkey skeleton (D:10)
  3 shadow imps
  A white imp (D:6)
  4 ufetubi
  7 oozes
  An adder skeleton (D:4)
  3 worms (D:3)
  A dart slug (D:1)
  6 leopard geckos
  37 orcs
  2 ball pythons
  9 bats
  5 giant cockroaches
  4 goblins
  5 hobgoblins
  14 jackals
  13 kobolds
  5 quokkas
  4 frilled lizards
  4 gnoll zombies (Ossuary)
  A hobgoblin zombie (Ossuary)
  A kobold zombie (Ossuary)
  2 orc zombies (Ossuary)
  2 quokka skeletons
  A quokka zombie (D:6)
  7 rats
281 creatures vanquished.

Notes
Turn   | Place    | Note
-------+----------+-------------------------------------------
     0 | D:1      | runemasterragnar the Ogre Fighter began the quest for the
                  | Orb.
     0 | D:1      | Reached XP level 1. HP: 24/24 MP: 1/1
    44 | D:1      | Reached XP level 2. HP: 29/32 MP: 2/2
   514 | D:1      | Reached XP level 3. HP: 38/40 MP: 3/3
   938 | D:2      | Found a faded altar of an unknown god.
  2108 | D:3      | Reached XP level 4. HP: 16/49 MP: 4/4
  2614 | D:3      | Noticed an ogre
  2636 | D:3      | Killed an ogre
  2637 | D:3      | Reached skill level 5 in Fighting
  2637 | D:3      | Reached XP level 5. HP: 46/57 MP: 5/5
  3223 | D:3      | Reached XP level 6. HP: 55/66 MP: 6/6
  3711 | D:4      | Found an ancient bone altar of Kikubaaqudgha.
  4095 | D:4      | Found a basalt altar of Yredelemnul.
  4439 | D:4      | Found a burning altar of Makhleb.
  4512 | D:4      | Got a crude tower shield
  4523 | D:4      | Identified the +9 tower shield of the Demon Prince {Str+4}
                  | (You found it on level 4 of the Dungeon)
  4573 | D:4      | Reached skill level 6 in Fighting
  4781 | D:5      | Entered Level 5 of the Dungeon
  4810 | D:5      | Noticed a sky beast
  4844 | D:5      | Killed a sky beast
  4845 | D:5      | Reached skill level 5 in Maces & Flails
  4845 | D:5      | Reached XP level 7. HP: 31/75 MP: 7/7
  5547 | D:5      | Found a broken altar of Ashenzari.
  5553 | D:5      | Found an ornate altar of the Wu Jian Council.
  5556 | D:5      | Found an opulent altar of Gozag.
  5559 | D:5      | Found a radiant altar of Vehumet.
  5678 | D:5      | Reached skill level 1 in Throwing
  5898 | D:5      | Found a staircase to the Ecumenical Temple.
  5918 | Temple   | Entered the Ecumenical Temple
  6016 | Temple   | Became a worshipper of Warmaster Okawaru
  6261 | D:6      | Found a sand-covered staircase.
  6277 | Ossuary  | Entered an ossuary
  6343 | Ossuary  | Reached XP level 8. HP: 34/84 MP: 8/8
  6856 | Ossuary  | Reached skill level 1 in Invocations
  7533 | D:6      | Reached skill level 7 in Fighting
  7567 | D:6      | Found a glowing silver altar of Zin.
  8268 | D:6      | Found a glowing silver altar of Zin.
  8277 | D:6      | Reached * piety under Okawaru
  8278 | D:6      | Reached skill level 5 in Dodging
  8317 | D:6      | Found a hide-covered altar of Uskayaw.
  8317 | D:6      | Found a hazy altar of Hepliaklqana.
  8329 | D:6      | Found a shadowy altar of Dithmenos.
  8333 | D:6      | Found a bloodstained altar of Trog.
  8737 | D:7      | Found a stormy altar of Qazlal.
  8756 | D:7      | Reached XP level 9. HP: 93/93 MP: 11/11
  8886 | D:8      | Noticed Maggie
  8907 | D:8      | Killed Maggie
  9787 | D:9      | Noticed a troll
  9797 | D:9      | Found a shadowy altar of Dithmenos.
  9824 | D:9      | Killed a troll
  9824 | D:9      | Reached ** piety under Okawaru
  9825 | D:9      | Reached skill level 8 in Fighting
 10554 | D:9      | Reached XP level 10. HP: 99/106 MP: 13/13
 10741 | D:9      | Found a staircase to the Lair.
 10796 | D:9      | Reached skill level 5 in Shields
 11404 | D:9      | Reached *** piety under Okawaru
 11996 | D:10     | Entered Level 10 of the Dungeon
 12249 | D:10     | Reached skill level 1 in Evocations
 12415 | D:10     | Reached skill level 9 in Fighting
 12513 | D:10     | Reached skill level 5 in Throwing
 12513 | D:10     | Reached skill level 5 in Invocations
 12737 | D:10     | Reached **** piety under Okawaru
 12769 | D:10     | Noticed a gargoyle
 12791 | D:10     | Killed a gargoyle
 12989 | D:10     | You fall into a shaft and drop 3 floors!
 13277 | D:13     | Noticed a skeletal warrior
 13279 | D:13     | Noticed a skeletal warrior
 13280 | D:13     | Noticed a skeletal warrior
 13297 | D:14     | Noticed a deep elf mage
 13316 | D:14     | Killed a deep elf mage
 13317 | D:14     | Reached XP level 11. HP: 83/115 MP: 12/15
 13334 | D:14     | Received a gift from Okawaru
 13338 | D:14     | Found Gexem's Armour Emporium.
 13346 | D:14     | Bought a +2 cloak for 247 gold pieces
 13354 | D:13     | Noticed a two-headed ogre
 13381 | D:12     | Noticed a purple ugly thing
 13391 | D:12     | Noticed a centaur warrior
 13393 | D:12     | Noticed a red ugly thing
 13420 | D:12     | Killed a red ugly thing
 13858 | D:12     | Noticed a boulder beetle
 14323 | D:12     | Killed a centaur warrior
 14469 | D:12     | Reached ***** piety under Okawaru
 14486 | D:12     | Reached skill level 10 in Fighting
 14563 | D:12     | Noticed a cyclops
 14574 | D:12     | Killed a cyclops
 14582 | D:12     | Received a gift from Okawaru
 14917 | D:12     | Found a staircase to the Orcish Mines.
 14936 | D:12     | HP: 1/117 [something (9)]
 14937 | D:12     | Mangled by an unseen horror

Illustrated notes

Levels and vault maps discovered:
D:1:      ncdulo_smallfort, layout_basic
D:2:      layout_basic, chequers_ecumenical_altar_simple, hex_large,
          feat_on_display
D:3:      layout_basic
D:4:      layout_layer_cave, makhleb_grotto_becter, kennysheep_little_box,
          lemuel_coloured_pillars_altar
D:5:      layout_loops_cross, grunt_temple_overflow_cloverleaf,
          minmay_temple_entry_hall
D:6:      layout_loops_corners, nicolae_overflow_hidden_temple,
          grunt_temple_overflow_open, enter_ossuary_1, basic_altar
D:7:      layout_basic, nicolae_qazlal_eye_of_the_storm
D:8:      layout_cave_pools, serial_shops, shop, grunt_decor_arrowhead,
          lemuel_tele_altar, uniq_maggie, uniq_grum
D:9:      minmay_recursive_quarters, layout_grid_maze, dpeg_oklobed_lair,
          grunt_dithmenos_smoke_and_mirrors
D:10:     cheibrodos_barr_body, layout_loops_ring, doesnt_xom_only_xom
D:12:     layout_irregular_city, minmay_orc_entry_temple_small, basic_altar,
          st_stairs_14
D:13:     layout_irregular_city
D:14:     layout_long_grid, erik_vaults_1, basic_altar, serial_shops,
          shop_statue, minmay_staircase_statues_hall_small, roderic_batcave,
          grunt_decor_junction
Temple:   nicolae_temple_figure_zero

Skill      XL: |  1  2  3  4  5  6  7  8  9 10 11 |
---------------+----------------------------------+-----
Maces & Flails | 2 3 4 5 6 7 8 9 |  9.6
Dodging        | 3 4 5 6 7 |  7.2
Fighting       | 5 6 7 8 9 10 | 10.0
Throwing       | 1 2 4 5 6 |  6.1
Shields        | 3 4 5 6 |  6.3
Invocations    | 2 4 5 6 |  6.5
Evocations     | 2 3 |  3.1

Action                   |  1- 3 |  4- 6 |  7- 9 | 10-12 || total
-------------------------+-------+-------+-------+-------++-------
Melee: Flail             |   123 |   177 |   524 |   600 ||  1424
Throw: Dart              |       |       |    15 |       ||    15
       Boomerang         |       |       |     8 |     1 ||     9
       Large rock        |       |       |       |     4 ||     4
Invok: Heroism           |       |       |     2 |     5 ||     7
Evoke: Wand              |       |       |       |     6 ||     6
  Use: Potion            |       |     1 |     4 |     6 ||    11
       Scroll            |       |     6 |     7 |     7 ||    20
 Stab: Sleeping          |       |     1 |       |       ||     1
Armor: Robe              |    36 |    31 |    41 |    42 ||   150
       Skin              |       |       |    16 |     5 ||    21
Dodge: Dodged            |    50 |    47 |    74 |   126 ||   297
Block: Kite shield       |    55 |    67 |       |       ||   122
       Tower shield      |       |    35 |   674 |   703 ||  1412

Table legend: (Time is in decaauts)
 A = Elapsed time spent in this place.
 B = Non-inter-level travel time spent in this place.
 C = Inter-level travel time spent in this place.
 D = Time resting spent in this place.
 E = Time spent auto-exploring this place.
 F = Levels seen in this place.
 G = Mean time per level.
                   A        B        C        D        E       F      G
               +--------+--------+--------+--------+--------+-----+--------+
         Total |  15155 |  14931 |    224 |   2221 |   9768 |  15 | 1010.3 |
       Dungeon |  14181 |  13957 |    224 |   1646 |   9507 |  13 | 1090.8 |
        Temple |    111 |    111 |      0 |      0 |     93 |   1 |  111.0 |
       Ossuary |    861 |    861 |      0 |    575 |    168 |   1 |  861.0 |
               +--------+--------+--------+--------+--------+-----+--------+

Top non-repeatable levels by time:
     D:9: 2241 daAuts
     D:6: 1696 daAuts
     D:3: 1662 daAuts
    D:12: 1557 daAuts
     D:5: 1308 daAuts
     D:2: 1193 daAuts
     D:4: 1098 daAuts
     D:7: 1082 daAuts
    D:10: 1007 daAuts
     D:1: 907 daAuts
 Ossuary: 861 daAuts
    D:13: 325 daAuts
  Temple: 111 daAuts
    D:14: 51 daAuts
     D:8: 48 daAuts
